 Dungeon Crawl Stone Soup version 0.18.1-8-gdd0e5ea (webtiles) character file.

83 Guinours the Grave Robber (level 4, -1/30 HPs)
             Began as a Mummy Necromancer on May 25, 2016.
             Slain by a big kobold
             ... wielding a +0 club
              (4 damage)
             ... on level 3 of the Dungeon.
             The game lasted 00:09:27 (2333 turns).

Guinours the Grave Robber (Mummy Necromancer)       Turns: 2333, Time: 00:09:27

Health: -1/30      AC:  3    Str: 11    XL:     4   Next: 22%
Magic:  1/7        EV: 12    Int: 15    God:
Gold:   127        SH:  0    Dex: 12    Spells: 1 memorised, 7 levels left

rFire  x . .     SeeInvis .     g - -1 flail (curse)
rCold  + + .     Gourm    .     a - +0 robe
rNeg   + + +     Faith    .     (no shield)
rPois  ∞         Spirit   .     (no helmet)
rElec  .         Dismiss  .     (no cloak)
rCorr  .         Reflect  .     c - +0 pair of gloves
SustAt .         Harm     .     (no boots)
MR     .....                    (no amulet)
Stlth  ++........               (no ring)
                                f - ring of protection from cold

@: not resistant to hostile enchantments, unstealthy
A: no food or potions, fire vulnerability, cold resistance 1, negative energy
resistance 3, torment resistance, unbreathing
a: no special abilities


You were on level 3 of the Dungeon.
You were not hungry.

You visited 1 branch of the dungeon, and saw 3 of its levels.

You collected 127 gold pieces.

Inventory:

Hand Weapons
 e - a +0 club
 g - a cursed -1 flail (weapon)
Armour
 a - a +0 robe (worn)
 c - a +0 pair of gloves (worn)
Jewellery
 f - a ring of protection from cold (left hand)
Scrolls
 d - 3 scrolls of identify
 h - 2 scrolls of teleportation
 i - a scroll of enchant armour {unknown}
 j - a scroll of recharging {unknown}
 k - 3 scrolls of immolation {unknown}
Books
 b - a book of Necromancy

   Spells                             Type                      Level
   a - Pain                           Necromancy                   1
   b - Animate Skeleton               Necromancy                   1
   c - Vampiric Draining              Necromancy                   3
   d - Regeneration                   Charms/Necromancy            3
   e - Animate Dead                   Necromancy                   4
   f - Control Undead                 Necromancy                   4


   Skills:
 + Level 0.2 Fighting
 * Level 1.9 Dodging
 + Level 1.7 Stealth
 - Level 0.1 Unarmed Combat
 + Level 2.6 Spellcasting
 * Level 5.1 Necromancy


You had 7 spell levels left.
You knew the following spells:

 Your Spells              Type           Power        Failure   Level  Hunger
a - Pain                  Necr           ###.         2%          1    N/A

Dungeon Overview and Level Annotations

Branches:
Dungeon (2/15)

Altars:


Innate Abilities, Weirdness & Mutations

You do not eat or drink.
Your flesh is vulnerable to fire.
You are immune to poison.
Your flesh is cold resistant.
You are immune to negative energy.
You are immune to unholy pain and torment.
You can survive without breathing.


Message History

The big kobold closely misses you. The kobold closely misses you.
The kobold barely misses you.
You hit the kobold.
You kill the kobold!
The big kobold closely misses you. The kobold closely misses you.
The big kobold closely misses you. The kobold barely misses you.
The big kobold hits you but does no damage.
You see here 14 stones.
You barely miss the kobold. The kobold hits you.
The big kobold hits you with a club!
You closely miss the kobold. The kobold hits you.
* * * LOW HITPOINT WARNING * * *
The big kobold hits you with a club.
* * * LOW HITPOINT WARNING * * *
The kobold closely misses you.
You hit the kobold.
The kobold is severely wounded.
The big kobold hits you with a club.
You die...

####################
#.....K@#....)......
#.....K.((..........
#########.(.........
#..........########
+..........#
#..........#####
#########........
#...).[.'........
#.......#........


You could see a big kobold and a kobold.

Vanquished Creatures
  A gnoll (D:1)
  A worm (D:2)
  3 dart slugs (D:1)
  A giant gecko (D:1)
  4 giant cockroaches
  8 goblins
  6 hobgoblins
  10 jackals
  9 kobolds
  6 bats
  3 giant newts
  4 rats (D:1)
56 creatures vanquished.

Notes
Turn   | Place    | Note
--------------------------------------------------------------
     0 | D:1      | Guinours the Mummy Necromancer began the quest for the Orb.
     0 | D:1      | Reached XP level 1. HP: 13/13 MP: 3/3
   447 | D:1      | Reached XP level 2. HP: 10/19 MP: 1/5
   930 | D:1      | Reached XP level 3. HP: 20/24 MP: 2/6
  1475 | D:1      | Reached skill level 5 in Necromancy
  1905 | D:2      | Reached XP level 4. HP: 30/30 MP: 0/7
  2297 | D:2      | You fall through a shaft!
  2317 | D:3      | Noticed a big kobold
  2333 | D:3      | Slain by a big kobold

Skill      XL: |  1  2  3 |
---------------+----------+-----
Necromancy     | 5 |  5.1
Fighting       | |  0.2
Dodging        | |  1.9
Stealth        | |  1.7
Unarmed Combat | |  0.1
Spellcasting   | |  2.6

Action                   |  1- 3 |  4- 6 || total
-------------------------+-------+-------++-------
Melee: Unarmed           |    35 |       ||    35
       Club              |    21 |       ||    21
       Flail             |     5 |    18 ||    23
 Cast: Pain              |    60 |    22 ||    82
  Use: Scroll            |     3 |       ||     3
Armor: Robe              |    13 |     9 ||    22
Dodge: Dodged            |    65 |    29 ||    94
